 Dungeon Crawl Stone Soup version 0.28-a0-1339-ga5422284a4 (webtiles) character file.

Game seed: 17473257259137804277

55430 pokeman the Eclecticist (level 14, -4/79 HPs)
             Began as a Deep Elf Hedge Wizard on Dec 28, 2021.
             Was an Elder of Vehumet.
             Hit by a javelin thrown by a minotaur (23 damage)
             ... in a Gauntlet.
             The game lasted 01:30:29 (27438 turns).

pokeman the Eclecticist (Deep Elf Hedge Wizard)    Turns: 27438, Time: 01:30:30

Health: -4/79      AC: 19    Str:  7    XL:     14   Next: 38%
Magic:  16/40      EV: 13    Int: 30    God:    Vehumet [****..]
Gold:   988        SH:  7    Dex: 14    Spells: 39/54 levels left

rFire   . . .      SeeInvis +   W - +11 hand axe of Sunlight {vorpal, Fly rElec Int+5}
rCold   . . .      Faith    .   O - +2 buckler
rNeg    . . .      Spirit   .   F - +0 steam dragon scales
rPois   .          Reflect  .   a - +0 helmet
rElec   +          Harm     .   k - +0 cloak
rCorr   .          Rampage  .   b - +2 pair of gloves {infuse}
Will    +....      NoTele   +   g - +2 pair of boots {Fly}
Stlth   ++........              d - amulet "Hyrourphu" {*Corrode +Inv Regen+ SInv}
HPRegen 1.03/turn               i - ring of wizardry
MPRegen 0.27/turn               L - +4 ring of protection

@: flying
A: no striking features
a: Renounce Religion, Evoke Invisibility


You were in a Gauntlet.
You worshipped Vehumet.
Vehumet was greatly pleased with you.
You visited 3 branches of the dungeon, and saw 21 of its levels.
You also visited: Ossuary and Gauntlet.

You collected 1668 gold pieces.
You spent 680 gold pieces at shops.

Inventory:

Hand Weapons
 s - a +2 arbalest of freezing
 W - the +11 hand axe of Sunlight (weapon) {vorpal, Fly rElec Int+5}
   (You found it on level 4 of the Lair of Beasts)

   It inflicts extra damage upon your enemies.
   Int:       It affects your intelligence (+5).
   rElec:     It insulates you from electricity.
   Fly:       It grants you flight.
Missiles
 e - 114 bolts
 R - a curare-tipped dart
Armour
 a - a +0 helmet (worn)
 b - a +2 pair of gloves of infusion (worn)
 g - a +2 pair of boots of flying (worn)
 k - a +0 cloak (worn)
 v - a +0 leather armour of cold resistance
 F - +0 steam dragon scales (worn)
 O - a +2 buckler (worn)
 S - a scarf of invisibility
Jewellery
 d - the amulet "Hyrourphu" (around neck) {*Corrode +Inv Regen+ SInv}
   (You took it off a tengu conjurer on level 15 of the Dungeon)

   [amulet of regeneration]

   SInv:      It lets you see invisible.
   +Inv:      It lets you turn invisible.
   Regen:     It increases your rate of health regeneration.
   *Corrode:  It may corrode you when you take damage.
 f - an amulet of faith
 i - a ring of wizardry (left hand)
 j - a ring of protection from fire
 y - a ring of protection from cold
 B - a ring of ice
 L - a +4 ring of protection (right hand)
Wands
 A - a wand of digging (5)
Scrolls
 c - a scroll of fear
 p - 11 scrolls of teleportation
 u - 5 scrolls of blinking
 x - a scroll of torment {unknown}
 E - 2 scrolls of magic mapping
Potions
 h - 7 potions of heal wounds
 r - 2 potions of flight {unknown}
 t - 8 potions of curing
 w - 2 potions of invisibility {unknown}
 z - 4 potions of brilliance {unknown}
 H - 3 potions of haste {unknown}
 J - 2 potions of mutation {unknown}
 P - a potion of magic {unknown}
 U - a potion of ambrosia {unknown}
Miscellaneous
 V - a condenser vane


   Skills:
 + Level 5.9 Fighting
 - Level 6.0 Armour
 - Level 3.0 Dodging
 - Level 3.0 Stealth
 - Level 4.0 Shields
 * Level 20.8 Spellcasting
 + Level 12.6 Conjurations
 - Level 1.1 Summonings
 - Level 2.0 Necromancy
 - Level 1.1 Translocations
 + Level 12.2 Fire Magic
 - Level 1.1 Air Magic
 - Level 1.0 Poison Magic
 - Level 1.1 Evocations


You had 39 spell levels left.
You knew the following spells:

 Your Spells              Type           Power      Damage    Failure   Level
a - Magic Dart            Conj           100%       1d8       0%          1
b - Mephitic Cloud        Conj/Pois/Air  57%        N/A       1%          3
c - Call Imp              Summ           37%        N/A       1%          2
d - Blink                 Tloc           74%        N/A       1%          2
e - Conjure Flame         Conj/Fire      82%        6-21      0%          3
f - Flame Wave            Conj/Fire      82%        2d12      1%          4

Your spell library contained the following spells:

 Spells                   Type           Power      Damage    Failure   Level
 Spellforged Servitor     Conj/Summ      32%        N/A       7%          7
 Searing Ray              Conj           100%       2d8       0%          2
 Slow                     Hex            100%       N/A       1%          1
 Ensorcelled Hibernation  Hex/Ice        62%        N/A       1%          2
 Lesser Beckoning         Tloc           37%        N/A       1%          3
 Tukima's Dance           Hex            31%        N/A       1%          3
 Fulminant Prism          Conj/Hex       31%        3d16      1%          4
 Manifold Assault         Tloc           37%        N/A       9%          5
 Summon Forest            Summ/Tloc      18%        N/A       9%          5
 Summon Mana Viper        Hex/Summ       34%        N/A       11%         5
 Summon Cactus Giant      Summ           18%        N/A       41%         6
 Storm Form               Tmut/Air       17%        N/A       95%         7
 Enfeeble                 Hex            15%        N/A       98%         7


Dungeon Overview and Level Annotations

Branches:
Dungeon (15/15)            Temple (1/1) D:5            Lair (5/6) D:10
 Shoals (0/4) Lair:3       Spider (0/4) Lair:3          Orc (0/2) D:9
 Vaults (0/5) D:13         Depths (0/4) D:15        Ossuary (visited)
Gauntlet (1/1)
  Slime: Lair:5-6

Altars:
Ashenzari
Dithmenos
Elyvilon
Fedhas
Gozag
Makhleb
Nemelex Xobeh
Qazlal
Ru
Sif Muna
Vehumet
Wu Jian
The Shining One
Beogh

Shops:
D:2 (=(   D:8 (   D:11 *

Annotations:
D:11 2 transporters, bearlyready's ghost, novice MiCA
D:13 2 runed translucent doors, Jiziv's ghost, journeyman DjCj Gauntlet 6 transporters


Message History

Your crimson imp hits the minotaur but does no damage.
The minotaur is engulfed in blazing flames.
The minotaur completely misses you.
The minotaur gores you but does no damage.
Unknown command.
Casting: Call Imp (safe; 1% risk of failure)
Confirm with . or Enter, or press ? or * to list all spells.
You blink.
Your crimson imp closely misses the minotaur.
The minotaur furiously retaliates!
The minotaur headbutts your crimson imp.
The minotaur is engulfed in blazing flames.
The minotaur throws a javelin.
The javelin pierces through your crimson imp!!
Your crimson imp dies!
Your crimson imp disappears in a puff of smoke!
The javelin pierces through you!!
Unknown command.
You feel stable enough to blink again.
The minotaur is engulfed in blazing flames.
Casting: Blink (safe; 1% risk of failure)
Confirm with . or Enter, or press ? or * to list all spells.
Aiming: Mephitic Cloud (safe; 1% risk of failure)
Press: ? - help, Shift-Dir - straight line, f - minotaur
Aim: a minotaur, wielding the +10 great sword of Qaep {speed, rC++ rCorr Str-3 SInv}, wearing a +0 plate armour and quivering javelins (moderately wounded, chance to affect: 34%)
The ball explodes into a vile cloud!
The stinking cloud engulfs the minotaur but does no damage.
The minotaur is moderately wounded.
The minotaur is engulfed in noxious fumes.
The minotaur appears confused.
Unknown command.
The minotaur is engulfed in noxious fumes.
The minotaur hits you with the +10 great sword of Qaep {speed, rC++ rCorr Str-3 SInv}!!
* * * LOW HITPOINT WARNING * * *
You block the minotaur's attack.
Unknown command.
The minotaur is engulfed in noxious fumes.
The minotaur seems less confused.
The minotaur throws a javelin.
The javelin pierces through you!!
You die...

#≈.....................≈#
≈≈≈#≈≈≈#..∩.8.∩..#≈≈≈#≈≈≈#
#≈###≈###.......###≈###≈##
## ################### ##
#.................#
#.8.8.8.©.©.8.8.8.#
#...........H.....#
#####.###.###.#####
###.###.###@###
#.............#
#.###.###.###.#
#.............# #
#####'####### #.# . +⌠ #


You could see a minotaur.

Vanquished Creatures
  Gastronok (Lair:2)
  4 hydras
  An ice dragon (shapeshifter) (Gauntlet)
  Erolcha (D:13)
  A catoblepas (D:14)
  A centaur warrior (D:14)
  A tengu warrior (D:14)
  6 two-headed ogres
  A death knight (D:12)
  A satyr (shapeshifter) (Gauntlet)
  An iron troll (D:13)
  A skeletal warrior (D:15)
  A storm dragon zombie (D:15)
  A fire crab (Gauntlet)
  2 phantasmal warriors
  Pikel (D:7)
  A necromancer (D:15)
  2 deep elf pyromancers (D:13)
  The ghost of flotson the Skirmisher, a novice DsGl of Gozag (D:6)
  A wolf spider (Lair:3)
  3 cyclopes
  5 manticores
  4 ugly things
  7 elephants
  An elephant (shapeshifter) (D:13)
  A guardian serpent (shapeshifter) (D:14)
  11 cane toads
  A rime drake (Lair:2)
  5 komodo dragons
  Maggie (D:6)
  4 tengu conjurers
  A demonic crawler (Lair:4)
  5 trolls
  A polar bear (Lair:4)
  Grinder (D:4)
  A hornet (D:7)
  A raiju (shapeshifter) (Gauntlet)
  4 blink frogs (Lair:4)
  10 slime creatures
  A spriggan zombie (D:15)
  A jumping spider (Lair:3)
  A vampire (D:14)
  2 shadows
  3 centaur simulacra (Gauntlet)
  3 wraiths
  7 wyverns
  43 yaks
  A basilisk (Lair:1)
  A basilisk (shapeshifter) (Gauntlet)
  3 fire bats (Gauntlet)
  6 vampire mosquitoes
  Menkaure (D:5)
  A redback (shapeshifter) (D:13)
  3 swamp worms (Lair:4)
  7 water moccasins
  An acid dragon (D:10)
  15 orc warriors
  4 black bears
  2 sky beasts (D:5)
  4 ogres
  A hornet zombie (D:6)
  13 centaurs
  12 wolves
  3 phantoms
  A kobold brigand (D:9)
  4 lemures (D:7)
  12 bullfrogs
  A water moccasin zombie (D:7)
  2 scorpions
  2 elf skeletons (D:7)
  A wyvern skeleton (D:5)
  A water moccasin skeleton (D:4)
  3 wights (D:4)
  11 killer bees
  A howler monkey (D:8)
  A wyvern simulacrum (Gauntlet)
  11 orc priests
  A hound (D:6)
  A jelly (D:5)
  A centaur skeleton (D:6)
  2 human skeletons (D:7)
  4 iguanas
  10 orc wizards
  A killer bee zombie (D:7)
  8 mummies (Ossuary)
  3 howler monkey zombies
  3 gnolls (D:6)
  2 howler monkey skeletons (D:7)
  10 adders
  A white imp (D:6)
  2 ufetubi (D:4)
  An adder skeleton (D:4)
  A worm (D:3)
  A dart slug (D:2)
  69 orcs
  7 bats
  3 endoplasms
  4 giant cockroaches
  2 gnoll zombies (Ossuary)
  10 goblins
  7 hobgoblins
  6 jackals (D:3)
  4 quokkas
  12 ball pythons
  A frilled lizard (D:2)
  2 hobgoblin zombies (Ossuary)
  9 kobolds
  2 kobold zombies (Ossuary)
  2 orc skeletons (D:7)
  2 orc zombies (Ossuary)
  4 rats
485 creatures vanquished.

Vanquished Creatures (collateral kills)
  A wolf spider (Lair:3)
  A redback (Lair:3)
  A killer bee (D:11)
  2 orcs
5 creatures vanquished.

Vanquished Creatures (others)
  An electric eel (Lair:4)
  40 bushes (D:14)
  20 fungi
  49 plants
  A withered plant (D:15)
111 creatures vanquished.

Grand Total: 601 creatures vanquished

Notes
Turn   | Place    | Note
-------+----------+-------------------------------------------
     0 | D:1      | pokeman the Deep Elf Hedge Wizard began the quest for the
                  | Orb.
     0 | D:1      | Reached XP level 1. HP: 10/10 MP: 7/7
   275 | D:1      | Reached XP level 2. HP: 16/16 MP: 7/9
   619 | D:1      | Found a faded altar of an unknown god.
   804 | D:1      | Reached skill level 5 in Spellcasting
   994 | D:2      | Reached XP level 3. HP: 20/20 MP: 4/11
  1063 | D:2      | Learned a level 3 spell: Mephitic Cloud
  1066 | D:2      | Learned a level 2 spell: Call Imp
  1069 | D:2      | Learned a level 2 spell: Blink
  1073 | D:2      | Learned a level 3 spell: Conjure Flame
  1141 | D:2      | Reached skill level 1 in Fighting
  1141 | D:2      | Reached skill level 1 in Armour
  1341 | D:2      | Found Luturep's Antique Weapon Shoppe.
  1563 | D:2      | Reached XP level 4. HP: 25/25 MP: 10/13
  1664 | D:2      | Found Hem Exe's Jewellery Boutique.
  1758 | D:2      | Found Jaefaal's Antique Weapon Boutique.
  2400 | D:3      | Reached skill level 1 in Fire Magic
  2712 | D:3      | Found a white marble altar of Elyvilon.
  3176 | D:4      | Reached XP level 5. HP: 29/29 MP: 15/15
  3181 | D:4      | Reached skill level 6 in Spellcasting
  3339 | D:4      | Reached skill level 1 in Air Magic
  3749 | D:4      | Reached skill level 1 in Poison Magic
  3749 | D:4      | Reached XP level 6. HP: 27/34 MP: 9/17
  3840 | D:4      | Reached skill level 1 in Evocations
  3865 | D:3      | Reached skill level 7 in Spellcasting
  3997 | D:4      | Noticed Grinder
  4021 | D:4      | Killed Grinder
  4022 | D:4      | Reached skill level 8 in Spellcasting
  4022 | D:4      | Reached XP level 7. HP: 18/40 MP: 2/20
  5094 | D:5      | Entered Level 5 of the Dungeon
  5304 | D:5      | Reached XP level 8. HP: 44/44 MP: 18/22
  5653 | D:5      | Found a staircase to the Ecumenical Temple.
  5683 | D:5      | Reached skill level 9 in Spellcasting
  5695 | Temple   | Entered the Ecumenical Temple
  5698 | Temple   | Became a worshipper of Vehumet
  6372 | D:6      | Reached skill level 5 in Conjurations
  6569 | D:6      | Found a blossoming altar of Fedhas.
  7003 | D:6      | Noticed Menkaure
  7013 | D:6      | Noticed Maggie
  7020 | D:6      | Reached skill level 10 in Spellcasting
  7041 | D:5      | Killed Menkaure
  7208 | D:6      | Killed Maggie
  7209 | D:6      | Reached XP level 9. HP: 20/48 MP: 13/25
  7218 | D:6      | Reached skill level 11 in Spellcasting
  7218 | D:6      | Reached skill level 5 in Fire Magic
  7618 | D:6      | Found a runed translucent door.
  7619 | D:6      | Noticed flotson's ghost (novice DsGl)
  7642 | D:6      | Killed flotson's ghost
  7999 | D:7      | Reached * piety under Vehumet
  7999 | D:7      | Offered knowledge of Shock by Vehumet.
  8000 | D:7      | Reached skill level 12 in Spellcasting
  8065 | D:7      | Found a sand-covered staircase.
  8076 | Ossuary  | Entered an ossuary
  8904 | D:7      | Reached XP level 10. HP: 56/56 MP: 28/28
  8965 | D:7      | Noticed Pikel
  9016 | D:7      | Killed Pikel
  9017 | D:7      | Reached skill level 1 in Necromancy
  9282 | D:7      | Found a glowing golden altar of the Shining One.
  9460 | D:2      | Bought a bone morningstar for 153 gold pieces
  9460 | D:2      | Identified the +5 morningstar of the Destroying Bear
                  | {freeze, rC- Dex+6} (You bought it in a shop on level 2 of
                  | the Dungeon)
  9511 | D:2      | Bought a bloodstained hand axe for 200 gold pieces
  9511 | D:2      | Identified the +0 hand axe "Uhar" {venom, rN+ rCorr} (You
                  | bought it in a shop on level 2 of the Dungeon)
  9564 | D:2      | Bought a glowing arbalest for 127 gold pieces
 10107 | D:8      | Offered knowledge of Static Discharge by Vehumet.
 10108 | D:8      | Reached skill level 13 in Spellcasting
 10160 | D:8      | Reached ** piety under Vehumet
 10177 | D:8      | Found Meyb's Antique Weapon Boutique.
 10218 | D:8      | Found an opulent altar of Gozag.
 10405 | D:8      | Found a sparkling altar of Nemelex Xobeh.
 10452 | D:9      | Found a stormy altar of Qazlal.
 10453 | D:9      | Found a sacrificial altar of Ru.
 10455 | D:9      | Identified the +8 falchion of the Vase {vorpal, Fly rN+}
 10460 | D:9      | Noticed a two-headed ogre
 10743 | D:9      | Found a shimmering blue altar of Sif Muna.
 10814 | D:9      | Killed a two-headed ogre
 11477 | D:9      | Noticed a two-headed ogre
 11510 | D:9      | Killed a two-headed ogre
 11511 | D:9      | Reached skill level 14 in Spellcasting
 11812 | D:9      | Offered knowledge of Scorch by Vehumet.
 11836 | D:9      | Reached XP level 11. HP: 40/62 MP: 27/31
 12210 | D:9      | Found a staircase to the Orcish Mines.
 12281 | D:9      | Found a sparkling altar of Nemelex Xobeh.
 12687 | D:10     | Entered Level 10 of the Dungeon
 12975 | D:10     | Found the +8 woodcutter's axe {vorpal}
 13025 | D:10     | Reached skill level 15 in Spellcasting
 13095 | D:10     | Reached *** piety under Vehumet
 13214 | D:10     | Found a broken altar of Ashenzari.
 13214 | D:10     | Found a burning altar of Makhleb.
 13383 | D:10     | Reached skill level 5 in Fighting
 13409 | D:10     | Offered knowledge of Fulminant Prism by Vehumet.
 13789 | D:10     | Reached **** piety under Vehumet
 14015 | D:10     | Found a staircase to the Lair.
 14366 | D:2      | Bought an ancient mace for 200 gold pieces
 14366 | D:2      | Identified the +9 mace of the Living Dead {venom, rCorr
                  | Str+6 Int-2} (You bought it in a shop on level 2 of the
                  | Dungeon)
 14462 | Temple   | Identified a scroll of acquirement
 14474 | Temple   | Acquired a +2 pair of gloves of infusion
 14626 | D:11     | Found a transporter.
 14670 | D:11     | Offered knowledge of Sticky Flame by Vehumet.
 14716 | D:11     | Found Diefis's General Store.
 14791 | D:11     | Reached skill level 16 in Spellcasting
 15221 | D:11     | Noticed a two-headed ogre
 15273 | D:11     | Killed a two-headed ogre
 15290 | D:11     | Reached XP level 12. HP: 53/68 MP: 8/34
 15458 | D:11     | Reached skill level 5 in Armour
 15830 | D:11     | Found a transporter.
 15835 | D:11     | Noticed a two-headed ogre
 15882 | D:11     | Noticed bearlyready's ghost (novice MiCA)
 16061 | D:12     | Noticed a two-headed ogre
 16088 | D:12     | Killed a two-headed ogre
 16095 | D:12     | Noticed a two-headed ogre
 16102 | D:12     | Reached skill level 10 in Conjurations
 16115 | D:12     | Killed a two-headed ogre
 16116 | D:12     | Reached skill level 17 in Spellcasting
 16223 | D:12     | Noticed a death knight
 16538 | D:12     | Killed a death knight
 17239 | D:12     | Noticed a two-headed ogre
 17459 | D:12     | Reached skill level 10 in Fire Magic
 17805 | D:12     | Found a blossoming altar of Fedhas.
 17873 | D:12     | Killed a two-headed ogre
 18165 | D:13     | Noticed Erolcha
 18186 | D:13     | Killed Erolcha
 18337 | D:13     | Reached skill level 18 in Spellcasting
 18789 | D:13     | Reached XP level 13. HP: 16/72 MP: 27/37
 18898 | D:13     | Found a gate to the Vaults.
 18988 | D:13     | Found a large runed translucent door.
 18988 | D:13     | Found a large runed translucent door.
 18991 | D:13     | Noticed Jiziv's ghost (journeyman DjCj)
 19276 | D:13     | Reached skill level 1 in Shields
 20226 | D:14     | Reached ***** piety under Vehumet
 20243 | D:14     | Offered knowledge of Flame Wave by Vehumet.
 20276 | D:14     | Learned a level 4 spell: Flame Wave
 20349 | D:14     | Reached skill level 19 in Spellcasting
 20886 | D:15     | Entered Level 15 of the Dungeon
 21113 | D:15     | Found a staircase to the Depths.
 21287 | D:15     | Found a shadowy altar of Dithmenos.
 21297 | D:15     | Identified the amulet "Hyrourphu" {*Corrode +Inv Regen+
                  | SInv}
 21479 | Lair:1   | Entered Level 1 of the Lair of Beasts
 22386 | Lair:2   | Noticed Gastronok
 22700 | Lair:2   | Killed Gastronok
 23663 | Lair:2   | Reached skill level 20 in Spellcasting
 24006 | Lair:3   | Found a staircase to the Shoals.
 24123 | Lair:3   | Reached XP level 14. HP: 52/78 MP: 32/40
 24173 | Lair:3   | Found a hole to the Spider Nest.
 24977 | Lair:4   | Found the +14 obsidian axe {vorpal, Mesm Drain Fly SInv}
 25538 | Lair:4   | Offered knowledge of Spellforged Servitor by Vehumet.
 26145 | Lair:4   | Identified the +11 hand axe of Sunlight {vorpal, Fly rElec
                  | Int+5}
 26955 | Lair:5   | Found a gate leading to a gauntlet.
 26964 | Gauntlet | Entered a Gauntlet
 26964 | Gauntlet | Found a transporter.
 26964 | Gauntlet | Found a transporter.
 26966 | Gauntlet | Found a transporter.
 26966 | Gauntlet | Found a transporter.
 26970 | Gauntlet | Found a transporter.
 26970 | Gauntlet | Found a transporter.
 27003 | Gauntlet | Found a transporter.
 27006 | Gauntlet | Found a transporter.
 27015 | Gauntlet | Noticed a reaper
 27020 | Gauntlet | Found a transporter.
 27031 | Gauntlet | Noticed a sphinx
 27032 | Gauntlet | Noticed a shadow dragon
 27032 | Gauntlet | a sphinx changed into a shadow dragon
 27033 | Gauntlet | Found a transporter.
 27039 | Gauntlet | Noticed a fire giant
 27039 | Gauntlet | a shadow dragon changed into a fire giant
 27040 | Gauntlet | a fire giant changed into a dire elephant
 27042 | Gauntlet | Noticed a quicksilver dragon
 27042 | Gauntlet | a dire elephant changed into a quicksilver dragon
 27043 | Gauntlet | Noticed a sphinx
 27043 | Gauntlet | a quicksilver dragon changed into a sphinx
 27044 | Gauntlet | Noticed a quicksilver dragon
 27044 | Gauntlet | a sphinx changed into a quicksilver dragon
 27047 | Gauntlet | Found a transporter.
 27051 | Gauntlet | Found a transporter.
 27416 | Gauntlet | Identified the +10 great sword of Qaep {speed, rC++ rCorr
                  | Str-3 SInv}
 27438 | Gauntlet | Hit by a javelin thrown by a minotaur

Illustrated notes

Levels and vault maps discovered:
D:1:      roderic_dead_forest, layout_rooms,
          shapermc_ecumenical_altar_mp_urbaneastern
D:2:      layout_basic, serial_shops, nicolae_shop_trees,
          nicolae_shop_temple_entry_statues_fountains, shop, minmay_pentomino_u4
D:3:      layout_loops_cross, lemuel_tele_altar
D:4:      layout_rooms, uniq_grinder
D:5:      layout_loops_ring, minmay_temple_entry_grid, glass_columns_a,
          kennysheep_dice
D:6:      layout_gridville, lemuel_crystal_altar, gammafunk_ghost_grave,
          uniq_menkaure, uniq_maggie
D:7:      layout_cave_pools, nicolae_tso_swordbearing_angel,
          nicolae_ossuary_entry_catacombs, uniq_pikel
D:8:      layout_gridville, lemuel_doored_altar, nicolae_take_the_stairs,
          kennysheep_flooded_box
D:9:      layout_rooms, chequers_temple_overflow_statue_of_worship,
          nemelex_diamond_rough_becter, kennysheep_orc_sif_temple, david_orc_5,
          serial_glass, glass_columns_c, glass_columns_b
D:10:     layout_roguey [special_room_orc], gammafunk_temple_overflow_wave,
          david_lair_generic
D:11:     layout_cave_pools, serial_shops, kennysheep_little_box,
          nzn_ghost_randoct
D:12:     layout_cross, serial_co_window_serial, co_window_corner_a,
          co_window_paths_b, co_window_paths_b, co_window_corner_a,
          co_window_cross_1, co_window_corner_b, co_window_corner_b,
          co_window_of_opportunity_c, co_window_cross_3, co_window_cross_3,
          co_window_2corner, co_window_cross_2, glass_columns_b,
          glass_columns_a, glass_columns_c, glass_columns_a, glass_columns_b,
          fedhas_bush_and_centaur_altar
D:13:     layout_basic, david_vaults_4, ebering_ghost_disaster_area,
          uniq_erolcha
D:14:     layout_loops_ring, minmay_hedge_maze
D:15:     gammafunk_depths_entry_grave, layout_loops_ring,
          nicolae_dithmenos_shadow_blocks, drop_trap
Temple:   nicolae_temple_hex_pool
Lair:1:   layout_roguey
Lair:2:   hellmonk_destroyed_diamonds, layout_gridlike, serial_bayou_pond_c,
          beast_lair_carwin_10, uniq_gastronok
Lair:3:   layout_loops_ring, minmay_shoals_entry_centaurs,
          spider_nest_entry_funnel_web, st_stairs_11, infiniplex_staircase_pool
Lair:4:   layout_gridlike, dreamdust_deal_with_the_devil, worms_lemuel,
          grunt_megastairs_2, serial_bayou_shore_a
Lair:5:   layout_gridlike, gauntlet_entry_generic, gammafunk_ghost_ooze
Gauntlet: minmay_gauntlet_77_indecision [minmay_gauntlet_arena_77_two_paths,
          minmay_gauntlet_arena_77_squiggly, minmay_gauntlet_arena_77_two_lines,
          minmay_gauntlet_arena_77_checkered, minmay_gauntlet_arena_77_p_blocks,
          minmay_gauntlet_arena_77_double_cross, gauntlet_exit_hidden_loot]

Skill      XL: |  1  2  3  4  5  6  7  8  9 10 11 12 13 14 |
---------------+-------------------------------------------+-----
Spellcasting   | 5 6 8 10 12 14 16 18 20 | 20.8
Fighting       | 1 2 3 4 5 |  5.9
Armour         | 1 3 4 6 |  6.0
Conjurations   | 2 3 4 5 7 8 9 10 12 | 12.6
Fire Magic     | 1 2 3 4 6 7 9 10 11 12 | 12.2
Dodging        | 3 |  3.0
Air Magic      | 1 |  1.1
Stealth        | 3 |  3.0
Poison Magic   | 1 |  1.0
Evocations     | 1 |  1.1
Necromancy     | 2 |  2.0
Shields        | 4 |  4.0
Summonings     | |  1.1
Translocations | |  1.1

Action                   |  1- 3 |  4- 6 |  7- 9 | 10-12 | 13-15 || total
-------------------------+-------+-------+-------+-------+-------++-------
Melee: Short sword       |       |    36 |    92 |    24 |       ||   152
       Morningstar       |       |       |       |    70 |       ||    70
       War axe           |       |       |       |    73 |       ||    73
       Mace              |       |       |       |   153 |   179 ||   332
       Falchion          |       |       |       |    17 |       ||    17
       Hand axe          |       |       |       |       |    21 ||    21
 Fire: Shortbow          |       |       |       |    64 |       ||    64
       Arbalest          |       |       |       |       |     8 ||     8
Throw: Dart              |       |       |       |     1 |       ||     1
 Cast: Magic Dart        |    93 |   127 |   176 |   173 |   114 ||   683
       Mephitic Cloud    |       |     5 |    22 |    95 |    47 ||   169
       Conjure Flame     |       |     3 |    25 |   107 |    98 ||   233
       Call Imp          |       |     1 |     5 |    16 |    16 ||    38
       Blink             |       |       |    10 |    10 |    16 ||    36
       Flame Wave        |       |       |       |       |    49 ||    49
Evoke: Wand              |       |     2 |    15 |     1 |     5 ||    23
       Condenser vane    |       |       |       |     1 |       ||     1
  Use: Potion            |       |       |     1 |       |       ||     1
       Scroll            |       |       |       |    14 |    10 ||    24
 Stab: Sleeping          |       |     1 |       |       |       ||     1
       Confused          |       |     4 |     4 |    31 |    14 ||    53
       Distracted        |       |       |       |     1 |     1 ||     2
Armor: Robe              |     3 |     2 |       |       |       ||     5
       Leather armour    |       |     3 |    11 |       |       ||    14
       Steam dragon scal |       |       |    18 |   129 |   201 ||   348
Dodge: Dodged            |    13 |    30 |    62 |   217 |   231 ||   553
Block: Buckler           |       |       |       |       |    35 ||    35

Table legend: (Time is in decaauts)
 A = Elapsed time spent in this place.
 B = Non-inter-level travel time spent in this place.
 C = Inter-level travel time spent in this place.
 D = Time resting spent in this place.
 E = Time spent auto-exploring this place.
 F = Levels seen in this place.
 G = Mean time per level.
                   A        B        C        D        E       F      G
               +--------+--------+--------+--------+--------+-----+--------+
         Total |  27743 |  25240 |   2503 |   3594 |  16046 |  23 | 1206.2 |
       Dungeon |  21444 |  19369 |   2075 |   3091 |  12152 |  15 | 1429.6 |
        Temple |    111 |     92 |     19 |      0 |      0 |   1 |  111.0 |
          Lair |   5163 |   4755 |    408 |    258 |   3545 |   5 | 1032.6 |
       Ossuary |    545 |    545 |      0 |     78 |    348 |   1 |  545.0 |
      Gauntlet |    478 |    478 |      0 |    167 |      0 |   1 |  478.0 |
               +--------+--------+--------+--------+--------+-----+--------+

Top non-repeatable levels by time:
     D:9: 2173 daAuts
     D:5: 2150 daAuts
    D:12: 1971 daAuts
    D:11: 1840 daAuts
    D:10: 1715 daAuts
  Lair:4: 1566 daAuts
     D:3: 1506 daAuts
     D:4: 1503 daAuts
     D:2: 1419 daAuts
  Lair:2: 1416 daAuts
    D:13: 1375 daAuts
     D:6: 1315 daAuts
  Lair:3: 1139 daAuts
    D:14: 1071 daAuts
     D:8: 1037 daAuts
